 Dungeon Crawl Stone Soup version 0.26.1-11-gd32895ea62 (webtiles) character file.

Game seed: 14718891199320260455

4251 phalm the Conjurer (level 10, 77/77 HPs)
             Began as a Demonspawn Conjurer on June 23, 2021.
             Was an Initiate of Gozag.
             Quit the game on level 7 of the Dungeon on June 24, 2021.
             The game lasted 00:17:42 (10029 turns).

phalm the Conjurer (Demonspawn Conjurer)           Turns: 10029, Time: 00:17:43

Health: 77/77      AC:  6    Str:  8    XL:     10   Next: 10%
Magic:  18/18      EV: 27    Int: 22    God:    Gozag
Gold:   798        SH:  0    Dex: 18    Spells: 7/20 levels left

rFire    . . .     SeeInvis .   G - +0 long sword (elec)
rCold    . . .     Faith    .   (no shield)
rNeg     . . .     Spirit   .   a - +0 robe
rPois    .         Reflect  .   (helmet restricted)
rElec    .         Harm     .   I - +0 cloak
rCorr    .         Rampage  .   k - +0 pair of gloves
Will     +....                  (no boots)
Stlth    ++........             A - amulet of the acrobat
HPRegen  0.22/turn              q - ring of willpower
MPRegen  0.16/turn              D - +6 ring of dexterity

@: acrobat
A: antennae 2, rugged brown scales 2, demonic guardian 1, powered by death 1
a: Renounce Religion, Potion Petition, Call Merchant, Bribe Branch


You were on level 7 of the Dungeon.
You worshipped Gozag.
Gozag was pleased with you.
You visited 2 branches of the dungeon, and saw 8 of its levels.

You collected 1031 gold pieces.
You spent 156 gold pieces at shops.
You paid 77 gold pieces to Gozag.


Innate Abilities, Weirdness & Mutations

You have a pair of antennae on your head.
You are mostly covered in rugged brown scales. (AC +2, +5% HP)
A weak demonic guardian rushes to your aid.
You regenerate a little health from kills.


   Skills:
 + Level 5.5 Fighting
 - Level 1.7 Dodging
 - Level 1.7 Stealth
 + Level 5.6 Spellcasting
 + Level 7.3 Conjurations
 * Level 5.2 Hexes
 * Level 5.0 Summonings
 * Level 6.7 Translocations


You had 7 spell levels left.
You knew the following spells:

 Your Spells              Type           Power        Failure   Level
c - Call Imp              Summ           28%          1%          2
f - Fulminant Prism       Conj/Hex       16%          7%          4
m - Magic Dart            Conj           100%         1%          1
s - Searing Ray           Conj           76%          1%          2
X - Iskenderun's Mystic   Conj/Tloc      37%          5%          4

Your spell library contained the following spells:

 Spells                   Type           Power        Failure   Level
 Summon Small Mammal      Summ           100%         1%          1
 Dazzling Flash           Conj/Hex       66%          2%          3
 Call Canine Familiar     Summ           28%          3%          3
 Summon Guardian Golem    Hex/Summ       28%          3%          3
 Summon Ice Beast         Ice/Summ       17%          32%         4
 Summon Lightning Spire   Summ/Air       17%          32%         4

Inventory:

Hand Weapons
 j - a +0 short sword
   (You took it off a kobold on level 1 of the Dungeon)
 x - a +0 spear
   (You took it off a gnoll on level 3 of the Dungeon)
 z - a +0 hand axe
   (You took it off an orc on level 3 of the Dungeon)
 E - a +0 whip of electrocution
   (You took it off Pikel on level 3 of the Dungeon)
 G - a +0 long sword of electrocution (weapon)
   (You found it on level 5 of the Dungeon)
 M - a +0 trident of freezing
   (You found it on level 5 of the Dungeon)
Missiles
 b - 142 arrows
 d - 150 stones
 h - 22 poisoned darts (quivered)
 w - 3 boomerangs
Armour
 a - a +0 robe (worn)
 k - a +0 pair of gloves (worn)
   (You found it on level 1 of the Dungeon)
 I - a +0 cloak (worn)
   (You took it off Crazy Yiuf on level 5 of the Dungeon)
Jewellery
 g - an uncursed amulet of regeneration
   (You found it on level 1 of the Dungeon)
 q - a ring of willpower (left hand)
   (You found it on level 2 of the Dungeon)
 A - an amulet of the acrobat (around neck)
   (You found it on level 3 of the Dungeon)
 D - a +6 ring of dexterity (right hand)
   (You found it on level 5 of the Dungeon)
 F - an uncursed ring of fire
   (You found it on level 4 of the Dungeon)
 L - an uncursed amulet of magic regeneration
   (You found it on level 4 of the Dungeon)
 N - the ring of the Louse {Ice Will+}
   (You found it on level 6 of the Dungeon)

   [ring of ice]

   It enhances your ice magic.
   It makes you vulnerable to fire.
   It protects you from cold.
   It affects your willpower, your defense against some magical effects.
Wands
 r - a wand of flame (55)
   (You found it on level 5 of the Dungeon)
 t - a wand of disintegration (4)
   (You found it on level 2 of the Dungeon)
 J - a wand of digging (11)
   (You took it off Ijyb on level 5 of the Dungeon)
Scrolls
 f - 7 scrolls of remove curse {@r2}
 i - 2 scrolls of magic mapping {!r}
 o - 5 scrolls of fog
 u - 8 scrolls of amnesia {unknown}
 y - 2 scrolls of noise {unknown}
 B - a scroll of random uselessness {unknown}
 C - 2 scrolls of teleportation {unknown}
 H - 3 scrolls of summoning
 K - 4 scrolls of enchant armour {unknown}
 R - a scroll of blinking {unknown}
 S - a scroll of identify {@r1}
Potions
 c - 2 potions of attraction {!q}
 e - 2 potions of heal wounds {unknown}
 l - a potion of brilliance {unknown}
 m - 2 potions of ambrosia
 n - 6 potions of curing {@q1}
 p - 6 potions of haste {@q3}
 s - 3 potions of flight {unknown}
 v - a potion of lignification {unknown}
 O - a potion of resistance {unknown}
 P - a potion of degeneration {unknown}
 Q - a potion of magic {unknown}

Dungeon Overview and Level Annotations

Branches:
Dungeon (7/15)             Temple (1/1) D:4

Altars:
Ashenzari
Cheibriados
Dithmenos
Elyvilon
Gozag
Hepliaklqana
Kikubaaqudgha
Nemelex Xobeh
Okawaru
Qazlal
Ru
Sif Muna
Trog
Uskayaw
Vehumet
Xom
Yredelemnul
Zin
The Shining One

Shops:
D:5 * D:7

! #....##/.. #.c
#.....#.. #.#
##....#?. #.# #....#
#.# ###..# $ #.#
###.### # #.#
#.#...# # #.#
#####.##..#### #@#
.............. #.#
#####.###.#### #.#
#.###.#### ###.###
#>........ #.....#
#.###.####
#.###.#####.# #...>#
#.# #.......######.#
#.###.#####.........
#.....# #.######.#


You could see a centaur (asleep).


Message History

The mystic blast hits the gargoyle but does no damage.
The mystic blast hits the hound.
The hound is knocked back by the mystic blast.
The shadow imp shouts, "Get thee hence, thou surly hedge-born swadder!"
You hear an angry growl. 😕 HP[+1] MP[-3]
You lost 3 mp, and now have 4/17 mp.
Casting: Iskenderun's Mystic Blast (dangerous; 5% risk of failure)
Confirm with . or Enter, or press ? or * to list all spells.
Aiming: Searing Ray (safe; 1% risk of failure)
Press: ? - help, Shift-Dir - straight line, f/p - gargoyle
Aim: a gargoyle, wielding a +0 flail (severely damaged, 9% to evade)
The searing ray hits the gargoyle!
You destroy the gargoyle! (Press . to maintain the ray.)
Your Summonings skill increases to level 5!
You have reached level 10!
Your demonic ancestry asserts itself...
You feel the presence of a demonic guardian. 😕 HP[+6] MP[-2]
You now have 77 max hp (+6).
You regained 6 hp, and now have 61/77 hp.
You lost 2 mp, and now have 2/18 mp.
Casting: Searing Ray (safe; 1% risk of failure)
Confirm with . or Enter, or press ? or * to list all spells.
Aiming: Searing Ray (safe; 1% risk of failure)
Press: ? - help, Shift-Dir - straight line, f - hound
Aim: a hound (heavily wounded, 27% to evade)
The searing ray hits the hound!
The searing ray hits the shadow imp. (Press . to maintain the ray.)
The hound bites you but does no damage. x2 😕 HP[+1] MP[-2]
You lost 2 mp, and now have 0/18 mp.
You barely miss the hound. The hound misses you.
You riposte.
You hit the hound.
You kill the hound!
You hit the shadow imp.
A black bear comes into view.
The shadow imp hits you but does no damage.
The black bear growls angrily.
You hit the shadow imp.
You kill the shadow imp! 😕 HP[+2] MP[+1]
You regained 2 hp, and now have 64/77 hp.
You slash the black bear! The black bear barely misses you.
The black bear claws you but does no damage.
The black bear closely misses you. 😕 HP[+2]
You regained 2 hp, and now have 66/77 hp.
You hit the black bear. The black bear closely misses you.
The black bear misses you. The black bear claws you. 😕 HP[-1]
You take 1 damage, and now have 65/77 hp.
You hit the black bear. The black bear misses you.
The black bear claws you but does no damage.
The black bear barely misses you.
The black bear bites you but does no damage.
The black bear claws you but does no damage. x2
You hit the black bear. The black bear misses you.
You riposte.
You hit the black bear. The black bear barely misses you.
The black bear misses you. 😕 HP[+1] MP[+1]
You completely miss the black bear. The black bear completely misses you.
The black bear barely misses you.
The black bear claws you but does no damage.
The black bear closely misses you.
The black bear claws you but does no damage.
The black bear barely misses you.
You hit the black bear.
The black bear bites you but does no damage.
The black bear claws you but does no damage.
The black bear claws you. 😕 HP[-4]
You take 4 damage, and now have 62/77 hp.
You barely miss the black bear. The black bear bites you.
The black bear completely misses you.
The black bear barely misses you. 😕 HP[-4]
You take 4 damage, and now have 58/77 hp.
Casting: Searing Ray (safe; 1% risk of failure)
Confirm with . or Enter, or press ? or * to list all spells.
Aiming: Magic Dart (safe; 1% risk of failure)
Press: ? - help, Shift-Dir - straight line, f - black bear
Aim: a black bear (severely wounded, 0% to evade)
The magic dart hits the black bear!
You kill the black bear! 😕 MP[-1]
You lost 1 mp, and now have 1/18 mp.
You now have 778 gold pieces (gained 17). 😕 MP[+1]
You now have 784 gold pieces (gained 6).
You see here a +0 flail. 😎 HP[+19] MP[+16]
Your hp is fully restored (77).
Your mp is fully restored (18).
You now have 794 gold pieces (gained 10).
You now have 798 gold pieces (gained 4).
There is a stone staircase leading up here.
You see here 4 large rocks {=f}.
p - 6 potions of haste {@q3} (gained 1)
A centaur comes into view.
Are you sure you want to abandon this character and quit the game? (Confirm with "yes".)

Skill      XL: |  1  2  3  4  5  6  7  8  9 |
---------------+----------------------------+-----
Fighting       | 1 2 3 4 5 |  5.5
Conjurations   | 5 6 7 |  7.3
Spellcasting   | 3 4 5 |  5.6
Translocations | 2 4 5 6 |  6.7
Hexes          | 3 5 |  5.2
Summonings     | 2 5 |  5.0
Dodging        | |  1.7
Stealth        | |  1.7

Action                   |  1- 3 |  4- 6 |  7- 9 | 10-12 || total
-------------------------+-------+-------+-------+-------++-------
Melee: Short sword       |     7 |       |       |       ||     7
       Spear             |       |     6 |       |       ||     6
       Hand axe          |       |     6 |       |       ||     6
       Long sword        |       |       |    22 |    10 ||    32
Throw: Dart              |    30 |     5 |    20 |       ||    55
 Cast: Magic Dart        |    55 |    97 |   115 |     1 ||   268
       Searing Ray       |     1 |    15 |    44 |     1 ||    61
       Iskenderun's Myst |       |     3 |     2 |       ||     5
       Fulminant Prism   |       |       |     1 |       ||     1
Evoke: Wand              |       |     5 |     6 |       ||    11
  Use: Scroll            |       |       |     8 |       ||     8
 Stab: Sleeping          |       |     1 |       |       ||     1
Armor: Robe              |     3 |     6 |    14 |    12 ||    35
Dodge: Dodged            |     9 |    32 |    76 |    16 ||   133
       Rpst.: Long sword |       |       |    19 |     2 ||    21

Levels and vault maps discovered:
D:1:      amcnicky_arrival_wind_blow, layout_basic
D:2:      layout_loops_ring, general_overflow_altar, overflow_temple_1_default
D:3:      layout_loops_cross, bloody_trog, okawaru_altar_gauntlet_db
D:4:      layout_loops_cross, lemuel_blue_sif_altar,
          minmay_temple_entry_poolview, uniq_pikel, uniq_natasha
D:5:      layout_cave_pools, serial_shops, nicolae_shop_stone,
          uniq_crazy_yiuf_cottage, uniq_prince_ribbit1, uniq_edmund, uniq_ijyb,
          uniq_blork_the_orc
D:6:      layout_rooms, lemuel_doored_altar
D:7:      minmay_opposing_rooms, layout_loops_ring, serial_shops,
          kennysheep_mini_moat
Temple:   eino_temple_scatter_basement

Notes
Turn   | Place    | Note
-------+----------+-------------------------------------------
     0 | D:1      | phalm the Demonspawn Conjurer began the quest for the Orb.
     0 | D:1      | Reached XP level 1. HP: 13/13 MP: 3/3
     0 | D:1      | magus.rc [v1.9.10]
   368 | D:1      | Gained mutation: You regenerate a little health from kills.
                  | [demonic ancestry]
   368 | D:1      | Reached XP level 2. HP: 20/20 MP: 3/5
  1228 | D:2      | Reached skill level 1 in Fighting
  1592 | D:2      | Reached XP level 3. HP: 26/26 MP: 2/6
  1597 | D:2      | Learned a level 2 spell: Searing Ray
  2085 | D:2      | Found a basalt altar of Yredelemnul.
  2146 | D:2      | Found a sparkling altar of Nemelex Xobeh.
  2320 | D:3      | Reached XP level 4. HP: 28/32 MP: 0/7
  2478 | D:3      | Reached skill level 5 in Conjurations
  2558 | D:3      | Found a bloodstained altar of Trog.
  2983 | D:3      | Reached skill level 2 in Fighting
  2988 | D:3      | Learned a level 4 spell: Iskenderun's Mystic Blast
  3381 | D:3      | Reached skill level 3 in Spellcasting
  3381 | D:3      | Gained mutation: You have a pair of small antennae on your
                  | head. [demonic ancestry]
  3381 | D:3      | Reached XP level 5. HP: 38/38 MP: 1/9
  3473 | D:3      | Found an iron altar of Okawaru.
  3548 | D:4      | Reached skill level 1 in Translocations
  4072 | D:4      | Found a shimmering blue altar of Sif Muna.
  4130 | D:4      | Noticed an ogre
  4139 | D:4      | Killed an ogre
  4140 | D:4      | Reached skill level 2 in Translocations
  4140 | D:4      | Gained mutation: You are partially covered in rugged brown
                  | scales. (AC +1, +3% HP) [demonic ancestry]
  4140 | D:4      | Reached XP level 6. HP: 39/47 MP: 3/11
  4208 | D:4      | magus.rc [v1.9.10]
  4426 | D:4      | Found a staircase to the Ecumenical Temple.
  4436 | Temple   | Entered the Ecumenical Temple
  4517 | Temple   | Became a worshipper of Gozag Ym Sagoz the Greedy
  4571 | D:4      | Noticed Pikel
  4592 | D:4      | HP: 11/47 [Pikel/+0 whip of electrocution (11)]
  4918 | D:4      | Noticed Natasha
  4921 | D:4      | Killed Natasha
  4964 | D:4      | Noticed Natasha
  4971 | D:4      | Killed Natasha
  5373 | D:3      | HP: 11/47 [Pikel/+0 whip of electrocution (8)]
  5714 | D:3      | Killed Pikel
  5715 | D:3      | Reached skill level 3 in Fighting
  5715 | D:3      | Reached skill level 4 in Spellcasting
  5715 | D:3      | Reached skill level 6 in Conjurations
  5715 | D:3      | Reached skill level 4 in Translocations
  5715 | D:3      | Reached XP level 7. HP: 16/54 MP: 0/13
  6098 | D:4      | Noticed Natasha
  6106 | D:4      | Killed Natasha
  6230 | D:5      | Entered Level 5 of the Dungeon
  6248 | D:5      | Reached skill level 4 in Fighting
  6248 | D:5      | Gained mutation: You have a pair of antennae on your head.
                  | [demonic ancestry]
  6248 | D:5      | Reached XP level 8. HP: 47/61 MP: 0/14
  6253 | D:5      | Learned a level 4 spell: Fulminant Prism
  6604 | D:5      | Found Ujeshrue's Assorted Antiques.
  6617 | D:5      | Bought 3 scrolls labelled PUKESARHAE for 96 gold pieces
  6623 | D:5      | Bought a red potion for 28 gold pieces
  6623 | D:5      | Bought a scroll labelled UMUEVA VAIMI for 32 gold pieces
  6682 | D:5      | Reached skill level 1 in Hexes
  6728 | D:5      | You pick up a book of Callings and begin reading...
  6728 | D:5      | You add the spells Summon Small Mammal, Call Imp, Call
                  | Canine Familiar, Summon Guardian Golem, Summon Lightning
                  | Spire and Summon Ice Beast to your library.
  6735 | D:5      | Learned a level 2 spell: Call Imp
  6787 | D:5      | Found a runed translucent door.
  6787 | D:5      | Noticed Blork the orc
  6788 | D:5      | Noticed Crazy Yiuf
  6793 | D:5      | Killed Crazy Yiuf
  6796 | D:5      | Killed Blork the orc
  6852 | D:5      | Noticed Ijyb
  6865 | D:5      | Killed Ijyb
  6894 | D:4      | Reached skill level 1 in Summonings
  7041 | D:5      | Reached skill level 2 in Hexes
  7088 | D:5      | Noticed Prince Ribbit
  7181 | D:5      | Noticed Edmund
  7182 | D:5      | Killed Prince Ribbit
  7183 | D:5      | Reached skill level 2 in Summonings
  7183 | D:5      | Reached skill level 5 in Translocations
  7208 | D:5      | Killed Edmund
  7660 | D:6      | Reached skill level 3 in Hexes
  7884 | D:6      | Gained mutation: You are mostly covered in rugged brown
                  | scales. (AC +2, +5% HP) [demonic ancestry]
  7884 | D:6      | Reached XP level 9. HP: 58/69 MP: 7/16
  7896 | D:6      | Reached skill level 3 in Summonings
  7898 | D:6      | Got a scintillating granite ring
  7917 | D:6      | Reached skill level 5 in Spellcasting
  8156 | D:6      | Identified the ring of the Louse {Ice Will+} (You found it
                  | on level 6 of the Dungeon)
  8279 | D:6      | Found a glowing silver altar of Zin.
  8868 | D:7      | Reached skill level 5 in Fighting
  8868 | D:7      | Reached skill level 7 in Conjurations
  8868 | D:7      | Reached skill level 4 in Hexes
  9127 | D:7      | Reached skill level 4 in Summonings
  9127 | D:7      | Reached skill level 6 in Translocations
  9284 | D:7      | Found Uriu's Distillery.
  9416 | D:7      | Noticed a two-headed ogre
  9430 | D:7      | Killed a two-headed ogre
  9652 | D:7      | Reached skill level 5 in Hexes
  9747 | D:7      | Noticed a gargoyle
  9755 | D:7      | Killed a gargoyle
  9756 | D:7      | Reached skill level 5 in Summonings
  9756 | D:7      | Gained mutation: A weak demonic guardian rushes to your
                  | aid. [demonic ancestry]
  9756 | D:7      | Reached XP level 10. HP: 61/77 MP: 2/18
 10029 | D:7      | Quit the game

Vanquished Creatures
  A two-headed ogre (D:7)
  Pikel (D:3)
  A gargoyle (D:7)
  Prince Ribbit (D:5)
  Edmund (D:5)
  2 black bears (D:7)
  A hornet zombie (D:6)
  2 orc warriors (D:7)
  An ice beast (D:5)
  3 ogres
  2 centaurs
  Blork the orc (D:5)
  A big kobold (D:7)
  6 bullfrogs
  3 scorpions
  A killer bee (D:7)
  2 howler monkeys (D:6)
  A bullfrog zombie (D:7)
  2 hounds
  Crazy Yiuf (D:5)
  2 orc priests (D:6)
  A bullfrog skeleton (D:4)
  4 orc wizards
  Ijyb (D:5)
  Natasha (thrice) (D:4)
  2 iguanas
  3 worker ants
  9 gnolls
  5 adders
  2 shadow imps
  A white imp (D:7)
  An ufetubus (D:7)
  2 oozes
  2 adder skeletons (D:6)
  5 worms
  A dart slug (D:4)
  6 leopard geckos
  25 orcs
  3 bats
  6 giant cockroaches
  12 goblins
  5 hobgoblins
  3 jackals (D:2)
  3 quokkas
  2 ball pythons
  6 frilled lizards
  3 kobolds
  2 quokka skeletons
  5 rats
159 creatures vanquished.

Vanquished Creatures (others)
  A fulminant prism (D:7)
1 creature vanquished.

Grand Total: 160 creatures vanquished

Table legend:
 A = Non-vault XP
 B = Vault XP
 C = Vault XP percentage of total XP
 D = Non-vault monster count
 E = Vault monster count
 F = Vault count percentage of total count
                 A         B        C        D         E       F
            +---------+---------+-------+---------+---------+-------
      Total |    4018 |    2055 |  33.8 |     138 |      21 |  13.2
            +---------+---------+-------+---------+---------+-------
        D:1 |      23 |       0 |   0.0 |      14 |       0 |   0.0
        D:2 |      28 |       0 |   0.0 |      13 |       0 |   0.0
        D:3 |     134 |     665 |  83.2 |      26 |       7 |  21.2
        D:4 |     540 |      36 |   6.2 |      20 |       1 |   4.8
        D:5 |     468 |     630 |  57.4 |      12 |       5 |  29.4
        D:6 |     903 |       0 |   0.0 |      24 |       0 |   0.0
        D:7 |    1922 |     724 |  27.4 |      29 |       8 |  21.6
            +---------+---------+-------+---------+---------+-------

Illustrated notes

Table legend:
 A = Kills in this place as a percentage of kills in entire the game.
 B = Kills by you in this place as a percentage of kills by you in the entire game.
 C = Kills by friends in this place as a percentage of kills by friends in the entire game.
 D = Other kills in this place as a percentage of other kills in the entire game.
 E = Experience gained in this place as a percentage of experience gained in the entire game.
 F = Experience gained in this place divided by the number of levels of this place that you have seen.
                   A       B       C       D       E      F
               +-------+-------+-------+-------+-------+----------------------
         Total | 100.0 | 100.0 |   N/A |   N/A | 100.0 | 759.1
       Dungeon | 100.0 | 100.0 |   N/A |   N/A | 100.0 | 867.6
               +-------+-------+-------+-------+-------+----------------------

Table legend: (Time is in decaauts)
 A = Elapsed time spent in this place.
 B = Non-inter-level travel time spent in this place.
 C = Inter-level travel time spent in this place.
 D = Time resting spent in this place.
 E = Time spent auto-exploring this place.
 F = Levels seen in this place.
 G = Mean time per level.
                   A        B        C        D        E       F      G
               +--------+--------+--------+--------+--------+-----+--------+
         Total |  10044 |   9673 |    371 |      4 |   8358 |   8 | 1255.5 |
       Dungeon |   9943 |   9592 |    351 |      4 |   8279 |   7 | 1420.4 |
        Temple |    100 |     81 |     19 |      0 |     79 |   1 |  100.0 |
               +--------+--------+--------+--------+--------+-----+--------+

Top non-repeatable levels by time:
     D:3: 2011 daAuts
     D:4: 1724 daAuts
     D:7: 1533 daAuts
     D:2: 1340 daAuts
     D:5: 1191 daAuts
     D:1: 1191 daAuts
     D:6: 950 daAuts
  Temple: 100 daAuts
